[Event "27th Heraklion Open 2019"]
[Site "Heraklion"]
[Date "2019.09.06"]
[Round "5.12"]
[White "Fasching, Markus"]
[Black "Kealar, Konstantinos"]
[Result "1-0"]
[ECO "B18"]
[WhiteElo "2029"]
[BlackElo "1270"]
[Annotator "NA"]
[PlyCount "29"]
[EventDate "2019.09.03"]
[EventType "swiss"]
[EventCountry "GRE"]
[SourceTitle "playchess.com"]
[Source "ChessBase"]
[SourceQuality "1"]
[TimeControl "40/5400+30:1800+30"]

1. e4 c6 2. d4 d5 3. Nc3 dxe4 4. Nxe4 Bf5 5. Ng3 Bg6 6. h4 h5 7. Nf3 Nf6 {[#]} ({Black should play} 7... Nd7 $14) 8. Ne5 $1 Be4 9. Nxe4 Nxe4 $16 10. Qf3 Nf6 11. c3 Nbd7 12. Bd3 Nxe5 13. dxe5 Ng4 14. e6 f6 15. Bg6# 1-0

[Event "27th Heraklion Open 2019"]
[Site "Heraklion"]
[Date "2019.09.06"]
[Round "5.13"]
[White "Koutsourakis, Ioannis"]
[Black "Mavridis, Athanasios"]
[Result "1-0"]
[ECO "E32"]
[WhiteElo "1739"]
[BlackElo "1493"]
[Annotator "NA"]
[PlyCount "93"]
[EventDate "2019.09.03"]
[EventType "swiss"]
[EventCountry "GRE"]
[SourceTitle "playchess.com"]
[Source "ChessBase"]
[SourceQuality "1"]
[TimeControl "40/5400+30:1800+30"]

1. d4 Nf6 2. c4 e6 3. Nc3 Bb4 4. Qc2 b6 5. e4 Bb7 6. Bd3 c5 7. d5 e5 8. Nge2 d6 9. O-O Bxc3 10. Qxc3 O-O 11. Ng3 Ne8 12. Bd2 Bc8 13. f4 Nd7 14. Be2 Qe7 15. Rf2 exf4 16. Bxf4 Ne5 17. Raf1 Ng6 18. Bd2 h6 19. Bh5 Ne5 20. Kh1 Bd7 21. Bf4 Ng6 22. Bxg6 fxg6 23. e5 dxe5 24. Bxe5 Nd6 25. Rxf8+ Rxf8 26. Re1 Nf5 27. Bf4 Qf6 28. Qxf6 Rxf6 29. Nxf5 Rxf5 30. Bg3 b5 31. b3 Rf6 32. Kg1 Ra6 33. Re2 bxc4 34. bxc4 Ra4 35. Re7 Bg4 36. h3 Bf5 37. d6 Kf8 38. Be5 Rxc4 39. Bxg7+ Kg8 40. d7 Bxd7 41. Rxd7 Ra4 42. Bxh6 Rxa2 43. Be3 c4 44. Rxa7 Re2 45. Ra3 Kf7 46. Rc3 Ke6 47. Kf1 1-0

[Event "27th Heraklion Open 2019"]
[Site "Heraklion"]
[Date "2019.09.06"]
[Round "5.14"]
[White "Ergazaki, Eirini"]
[Black "Lithoxoos, Theodoros"]
[Result "0-1"]
[ECO "B90"]
[WhiteElo "1336"]
[BlackElo "1685"]
[Annotator "NA"]
[PlyCount "60"]
[EventDate "2019.09.03"]
[EventType "swiss"]
[EventCountry "GRE"]
[SourceTitle "playchess.com"]
[Source "ChessBase"]
[SourceQuality "1"]
[TimeControl "40/5400+30:1800+30"]

1. e4 c5 2. Nf3 d6 3. d4 cxd4 4. Nxd4 Nf6 5. Nc3 a6 6. f3 e5 7. Nb3 Be6 8. Be3 b5 9. Qd2 Be7 10. g4 Nbd7 11. O-O-O O-O 12. h4 Nb6 13. Kb1 Nc4 14. Bxc4 bxc4 15. Nc1 Rb8 16. Nd5 Bxd5 17. exd5 Rb5 18. Ne2 Qb8 19. b3 cxb3 20. cxb3 Nxd5 21. Bg5 f6 22. Be3 a5 23. Nc1 Rc8 24. Rdg1 a4 25. Ka1 Nb4 26. Kb1 axb3 27. axb3 Nc2 28. Kb2 Qa8 29. Nd3 Rxb3+ 30. Kxb3 Qa3# 0-1

[Event "27th Heraklion Open 2019"]
[Site "Heraklion"]
[Date "2019.09.06"]
[Round "5.15"]
[White "Koumis, Filippos"]
[Black "Kealar, Ioannis"]
[Result "1-0"]
[ECO "C66"]
[WhiteElo "1601"]
[BlackElo "1240"]
[Annotator "NA"]
[PlyCount "121"]
[EventDate "2019.09.03"]
[EventType "swiss"]
[EventCountry "GRE"]
[SourceTitle "playchess.com"]
[Source "ChessBase"]
[SourceQuality "1"]
[TimeControl "40/5400+30:1800+30"]

1. e4 e5 2. Nf3 Nc6 3. Bb5 d6 4. d4 Bd7 5. Nc3 Nf6 6. O-O a6 7. Bxc6 bxc6 8. dxe5 dxe5 9. Nxe5 Bd6 10. Nxd7 Qxd7 11. e5 Bxe5 12. Re1 O-O-O 13. Qe2 Rhe8 14. Qxa6+ Kb8 15. Be3 Bd4 16. Bxd4 Qxd4 17. Qxc6 Qb6 18. Qxb6+ cxb6 19. Rxe8 Rxe8 20. f3 Nd7 21. Kf2 Nc5 22. Re1 Rd8 23. Rd1 Re8 24. Rd6 Kc7 25. Nb5+ Kb7 26. b4 Na4 27. c4 Rc8 28. Rd7+ Kb8 29. Nd6 Rc6 30. b5 Rc7 31. Rxc7 Kxc7 32. Nxf7 Nb2 33. Ne5 Kd6 34. f4 Nd1+ 35. Kf3 Kc5 36. Ke4 Nc3+ 37. Kf5 Nxa2 38. Ke6 Nc3 39. Kf7 Ne2 40. g3 g5 41. fxg5 Kd4 42. Nd7 Kxc4 43. Nxb6+ Kxb5 44. Nd7 Nd4 45. Nf6 Nf3 46. Nxh7 Nxh2 47. g6 Ng4 48. g7 Kc5 49. Kg6 Ne5+ 50. Kf6 Ng4+ 51. Kg5 Ne5 52. g8=Q Nf3+ 53. Kf4 Nd4 54. Ke4 Nc6 55. Nf6 Ne7 56. Qf8 Kd6 57. Nd5 Kc6 58. Qxe7 Kb5 59. Qb7+ Kc5 60. Qb6+ Kc4 61. Qb4# {Kxd5+} 1-0

[Event "27th Heraklion Open 2019"]
[Site "Heraklion"]
[Date "2019.09.06"]
[Round "5.17"]
[White "Vitsaxaki, Iris"]
[Black "Terzakis, Georgios"]
[Result "1-0"]
[ECO "A06"]
[WhiteElo "1494"]
[BlackElo "1162"]
[Annotator "NA"]
[PlyCount "123"]
[EventDate "2019.09.03"]
[EventType "swiss"]
[EventCountry "GRE"]
[SourceTitle "playchess.com"]
[Source "ChessBase"]
[SourceQuality "1"]
[TimeControl "40/5400+30:1800+30"]

1. Nf3 Nf6 2. b3 d5 3. Bb2 Bf5 4. e3 e6 5. Be2 Nbd7 6. c4 Be7 7. O-O O-O 8. d3 c5 9. Nh4 Bg6 10. Nxg6 fxg6 11. Nd2 Rc8 12. Nf3 Qc7 13. Qc2 Rfd8 14. Rfd1 dxc4 15. dxc4 Nb6 16. Ng5 Rxd1+ 17. Rxd1 Qb8 18. Nxe6 Nbd7 19. Qc3 Nf8 20. Nxf8 Rxf8 21. Bf3 Rd8 22. Qc2 Rxd1+ 23. Qxd1 b6 24. g3 Qd8 25. Qd4 Qd7 26. Qxd7 Bd8 27. Be5 Nxd7 28. Bd5+ Kf8 29. Bd6+ Be7 30. Bc7 Ke8 31. Bc6 Bd8 32. Bd6 Be7 33. Bb8 a5 34. Kf1 Bd8 35. e4 Ke7 36. Bf4 Nf6 37. f3 Ke6 38. Ke2 Ke7 39. Be5 Ke6 40. Bc3 Kf7 41. e5 Ng8 42. Bd5+ Kf8 43. Ke3 Ne7 44. Ke4 Bc7 45. e6 Nf5 46. Be5 Bxe5 47. Kxe5 Ke7 48. Be4 Nd4 49. f4 Nxe6 50. f5 Nd4 51. fxg6 h6 52. g4 Kd7 53. h4 Ke7 54. h5 Ne6 55. Bf5 Nd8 56. Kd5 Kf6 57. Kd6 Nb7+ 58. Kc7 a4 59. Kxb7 Ke7 60. Kxb6 Kd6 61. bxa4 Ke5 62. Kxc5 {Kd5+} 1-0

[Event "27th Heraklion Open 2019"]
[Site "Heraklion"]
[Date "2019.09.06"]
[Round "5.18"]
[White "Stratigi, Ioanna"]
[Black "Petratos, Georgios"]
[Result "0-1"]
[ECO "B01"]
[WhiteElo "1166"]
[BlackElo "1567"]
[Annotator "NA"]
[PlyCount "96"]
[EventDate "2019.09.03"]
[EventType "swiss"]
[EventCountry "GRE"]
[SourceTitle "playchess.com"]
[Source "ChessBase"]
[SourceQuality "1"]
[TimeControl "40/5400+30:1800+30"]

1. e4 d5 2. exd5 Nf6 3. Nf3 Nxd5 4. Bc4 Nb6 5. Bb3 c5 6. Ne5 e6 7. O-O Bd6 8. Nc4 Nxc4 9. Bxc4 O-O 10. d3 Nc6 11. Nd2 a6 12. Nf3 b5 13. Bb3 Bb7 14. c3 Qc7 15. h3 Ne5 16. Ng5 c4 17. dxc4 Qc6 18. f3 Bc5+ 19. Kh1 bxc4 20. Bc2 h6 21. Ne4 Rad8 22. Qe1 Be7 23. Bxh6 gxh6 24. Qg3+ Ng6 25. Nf2 Qd6 26. Qg4 Qf4 27. Qh5 Qg5 28. Qg4 Qxg4 29. Nxg4 Kg7 30. Rfe1 Bd6 31. Rad1 Bc7 32. Ne3 Ne5 33. Ng4 Nxg4 34. hxg4 Rxd1 35. Bxd1 Rd8 36. Be2 Bg3 37. Rb1 Bd5 38. Rd1 Rb8 39. Rb1 a5 40. Bd1 Kf6 41. Kg1 Kg5 42. Kf1 f6 43. Ba4 h5 44. gxh5 Kxh5 45. Bd7 Kg5 46. Ke2 Rh8 47. a3 Rh2 48. Rg1 Kf4 0-1

[Event "27th Heraklion Open 2019"]
[Site "Heraklion"]
[Date "2019.09.06"]
[Round "5.19"]
[White "Kapnistou, Maria"]
[Black "Koutsouraki, Ariadni"]
[Result "0-1"]
[ECO "C49"]
[WhiteElo "1201"]
[BlackElo "1516"]
[Annotator "NA"]
[PlyCount "118"]
[EventDate "2019.09.03"]
[EventType "swiss"]
[EventCountry "GRE"]
[SourceTitle "playchess.com"]
[Source "ChessBase"]
[SourceQuality "1"]
[TimeControl "40/5400+30:1800+30"]

1. e4 e5 2. Nf3 Nc6 3. Nc3 Nf6 4. Bb5 Bb4 5. O-O O-O 6. d3 Bxc3 7. bxc3 d6 8. Bg5 Qe7 9. Re1 a6 10. Bc4 h6 11. Bh4 Be6 12. Bb3 Na5 13. Nd2 g5 14. Bg3 Nxb3 15. cxb3 Bg4 16. f3 Bh5 17. h3 Bg6 18. Bh2 Nh5 19. g4 Nf4 20. Bxf4 gxf4 21. Qe2 Kg7 22. Qf2 Rg8 23. Kg2 Kf8 24. Rg1 Ke8 25. Kf1 Kd7 26. Ke2 b6 27. Rac1 a5 28. a4 Rgb8 29. Ra1 c6 30. Ra2 d5 31. Rga1 dxe4 32. dxe4 Kc7 33. Ke1 c5 34. Nc4 Rd8 35. Rd2 Rxd2 36. Qxd2 Qh4+ 37. Qf2 Qxh3 38. Nxe5 Bxe4 39. Nxf7 Re8 40. Qe2 Qg3+ 41. Kd2 Bc6 42. Ne5 Qh4 43. Re1 Qf6 44. Kc2 Bxf3 45. Qxf3 Rxe5 46. Rf1 Qg6+ 47. Kc1 Re4 48. Kb2 Qe6 49. Rf2 c4 50. Qd1 cxb3 51. Qxb3 Re2+ 52. Rxe2 Qxe2+ 53. Qc2 Qxc2+ 54. Kxc2 Kd6 55. Kd3 Kd5 56. Ke2 Ke4 57. c4 f3+ 58. Kf2 Kf4 59. Kf1 Kxg4 0-1

[Event "27th Heraklion Open 2019"]
[Site "Heraklion"]
[Date "2019.09.07"]
[Round "6.3"]
[White "Alquist, Erik"]
[Black "Bogdanov, Egor"]
[Result "0-1"]
[ECO "B38"]
[WhiteElo "2020"]
[BlackElo "2422"]
[Annotator "RC"]
[PlyCount "70"]
[EventDate "2019.09.03"]
[EventType "swiss"]
[EventCountry "GRE"]
[SourceTitle "playchess.com"]
[Source "ChessBase"]
[SourceQuality "1"]
[TimeControl "40/5400+30:1800+30"]

1. e4 c5 2. Nf3 g6 3. d4 Bg7 4. c4 cxd4 5. Nxd4 Nc6 6. Be3 Nf6 7. Nc3 O-O 8. Be2 b6 9. O-O Bb7 10. Ndb5 a6 11. Na3 e6 12. Qd6 Ne8 13. Qd2 d6 14. Rfd1 Rb8 15. Rac1 Ba8 16. b3 f5 17. exf5 gxf5 18. Bf3 Qf6 19. Ne2 e5 20. Bd5+ Kh8 21. f4 Qg6 22. Rf1 Nf6 23. Nc3 b5 24. cxb5 axb5 25. b4 Nxd5 26. Nxd5 Nd4 27. Ne7 Qg4 28. Bxd4 exd4 29. Rc7 Bf6 30. Re1 Be4 31. Nc2 Rf7 32. Rxe4 fxe4 33. Nd5 Rxc7 34. Nxf6 Rxc2 35. Qxc2 Qh4 0-1

[Event "27th Heraklion Open 2019"]
[Site "Heraklion"]
[Date "2019.09.07"]
[Round "6.4"]
[White "Putrenko, Kirill"]
[Black "Namini, Armin"]
[Result "1-0"]
[ECO "E73"]
[WhiteElo "1974"]
[BlackElo "2251"]
[Annotator "ChessBase"]
[PlyCount "71"]
[EventDate "2019.09.03"]
[EventType "swiss"]
[EventCountry "GRE"]
[SourceTitle "playchess.com"]
[Source "ChessBase"]
[SourceQuality "1"]
[TimeControl "40/5400+30:1800+30"]

1. d4 Nf6 2. c4 g6 3. Nc3 Bg7 4. e4 d6 5. Be2 O-O 6. Bg5 Na6 7. Qd2 e5 8. d5 Nc5 9. f3 a5 10. O-O-O Qe8 11. g4 Nfd7 12. h4 f5 13. gxf5 gxf5 14. Nb5 Na6 15. exf5 Ndc5 16. f6 Rxf6 17. Bxf6 Bxf6 18. Nh3 Bf5 19. Rdg1+ Kh8 20. Ng5 Qe7 21. Ne6 Nxe6 22. dxe6 Nc5 23. Nc3 c6 24. Qe3 Nxe6 25. Bd3 Bxd3 26. Qxd3 Rd8 27. Qe4 Bg7 28. Rg4 b5 29. Qxc6 bxc4 30. Qxc4 d5 31. Nxd5 Qb7 32. Nc3 Nf4 33. Rd1 Rc8 34. Qe4 Qa6 35. Kb1 a4 36. Rxg7 1-0

[Event "27th Heraklion Open 2019"]
[Site "Heraklion"]
[Date "2019.09.07"]
[Round "6.5"]
[White "Hulshof, Peter"]
[Black "Atakay, Mustafa"]
[Result "1-0"]
[ECO "A26"]
[WhiteElo "2180"]
[BlackElo "1866"]
[Annotator "ChessBase"]
[PlyCount "75"]
[EventDate "2019.09.03"]
[EventType "swiss"]
[EventCountry "GRE"]
[SourceTitle "playchess.com"]
[Source "ChessBase"]
[SourceQuality "1"]
[TimeControl "40/5400+30:1800+30"]

1. g3 f5 2. d3 Nf6 3. Bg2 e5 4. c4 g6 5. Nc3 Bg7 6. Nf3 Nc6 7. O-O O-O 8. Rb1 a5 9. a3 d6 10. b4 axb4 11. axb4 h6 12. b5 Ne7 13. Nd2 Nh5 14. Qb3 c5 15. bxc6 bxc6 16. Ba3 Kh7 17. Ra1 Be6 18. Rfb1 e4 19. dxe4 f4 20. Bb2 Rb8 21. Qc2 Be5 22. Nf3 Bg7 23. Nd1 Rb4 24. Bxg7 Rxc4 25. Qd3 Nxg7 26. Rb7 Nc8 27. Ra8 Rc1 28. Qd2 Rc4 29. Nb2 fxg3 30. Nxc4 gxf2+ 31. Kf1 Bxc4 32. Qd4 Rf7 33. Rxf7 Bxf7 34. Bh3 Be6 35. Bxe6 Nxe6 36. Qc4 Nc5 37. Qf7+ Kh8 38. Nh4 1-0

[Event "27th Heraklion Open 2019"]
[Site "Heraklion"]
[Date "2019.09.07"]
[Round "6.6"]
[White "Brokalakis - Gounaris, Christos"]
[Black "Ivanov, Mike"]
[Result "1-0"]
[ECO "D02"]
[WhiteElo "1977"]
[BlackElo "2177"]
[Annotator "ChessBase"]
[PlyCount "121"]
[EventDate "2019.09.03"]
[EventType "swiss"]
[EventCountry "GRE"]
[SourceTitle "playchess.com"]
[Source "ChessBase"]
[SourceQuality "1"]
[TimeControl "40/5400+30:1800+30"]

1. Nf3 Nc6 2. d4 d5 3. Bf4 Bg4 4. e3 e6 5. c4 Bd6 6. Bg3 Nge7 7. Nc3 Qd7 8. Be2 h5 9. a3 dxc4 10. Bxc4 Nf5 11. Be2 O-O-O 12. Qc2 Nxg3 13. hxg3 a6 14. O-O-O Kb8 15. Kb1 Bf5 16. Bd3 Bxd3 17. Rxd3 f6 18. Rc1 g5 19. Ne4 Qh7 20. Rc3 Qf5 21. Ka1 Ka7 22. Nfd2 Be7 23. Nb3 Rd5 24. Rxc6 bxc6 25. Qxc6 Rb8 26. Nec5 Bxc5 27. Nxc5 Rxc5 28. Qxc5+ Qxc5 29. Rxc5 Kb6 30. Rc1 Rh8 31. b3 f5 32. Kb2 h4 33. Rh1 Rg8 34. gxh4 gxh4 35. Rh2 Kc6 36. Kc3 Kd5 37. Kd3 c5 38. dxc5 Kxc5 39. f3 a5 40. e4 Rd8+ 41. Ke3 Rb8 42. exf5 Rxb3+ 43. Kf4 Rxa3 44. fxe6 Kd6 45. Kf5 Re3 46. Rxh4 Re5+ 47. Kf4 a4 48. e7 Rxe7 49. Rh6+ Kc5 50. Ra6 Kb5 51. Ra8 Kb4 52. g4 Rf7+ 53. Kg3 a3 54. f4 Kb3 55. f5 Rb7 56. f6 a2 57. Kh4 Rb6 58. Kg5 Rb5+ 59. Kh6 Rb4 60. Rxa2 Kxa2 61. g5 1-0

[Event "27th Heraklion Open 2019"]
[Site "Heraklion"]
[Date "2019.09.07"]
[Round "6.7"]
[White "Gretarsson, Helgi Ass"]
[Black "Koutsourakis, Ioannis"]
[Result "1-0"]
[ECO "D61"]
[WhiteElo "2410"]
[BlackElo "1739"]
[Annotator "ChessBase"]
[PlyCount "77"]
[EventDate "2019.09.03"]
[EventType "swiss"]
[EventCountry "GRE"]
[SourceTitle "playchess.com"]
[Source "ChessBase"]
[SourceQuality "1"]
[TimeControl "40/5400+30:1800+30"]

1. Nf3 Nf6 2. c4 e6 3. d4 d5 4. Nc3 Be7 5. Bg5 Nbd7 6. e3 O-O 7. Qc2 c6 8. a3 a5 9. h4 a4 10. cxd5 exd5 11. Nxa4 Qa5+ 12. Nc3 h6 13. Bd3 Bb4 14. Bxf6 Nxf6 15. O-O Bd6 16. g3 Qc7 17. Bf5 Bxf5 18. Qxf5 Bxg3 19. fxg3 Qxg3+ 20. Kh1 Ng4 21. Qf4 Nf2+ 22. Rxf2 Qxf2 23. Rg1 Kh8 24. Rg2 Qf1+ 25. Kh2 Rae8 26. Qg3 Rg8 27. Ne5 Ref8 28. Rf2 Qc1 29. Nd3 Qa1 30. Kg2 g5 31. h5 Rg7 32. Rf1 Qxf1+ 33. Kxf1 f6 34. Qd6 Rgf7 35. Qe6 Kg7 36. Ne2 Rc7 37. Ng3 Rcf7 38. Nf5+ Kh7 39. Nf2 1-0

[Event "27th Heraklion Open 2019"]
[Site "Heraklion"]
[Date "2019.09.07"]
[Round "6.8"]
[White "Lirindzakis, Timotheos"]
[Black "Koumis, Filippos"]
[Result "1-0"]
[ECO "E94"]
[WhiteElo "2157"]
[BlackElo "1601"]
[Annotator "ChessBase"]
[PlyCount "160"]
[EventDate "2019.09.03"]
[EventType "swiss"]
[EventCountry "GRE"]
[SourceTitle "playchess.com"]
[Source "ChessBase"]
[SourceQuality "1"]
[TimeControl "40/5400+30:1800+30"]

1. d4 Nf6 2. c4 g6 3. Nc3 Bg7 4. e4 d6 5. Be2 O-O 6. Nf3 e5 7. d5 Nbd7 8. O-O Nc5 9. Qc2 a5 10. Bg5 Bd7 11. Nd2 h6 12. Be3 b6 13. b3 Nh7 14. a3 f5 15. f3 fxe4 16. fxe4 Rxf1+ 17. Rxf1 Qe7 18. b4 Nb7 19. Rc1 Nf6 20. h3 g5 21. Qd1 Be8 22. Nf1 Bg6 23. Ng3 Qd7 24. c5 bxc5 25. Bb5 Qc8 26. bxc5 Nxc5 27. Bxc5 dxc5 28. Na4 Bxe4 29. d6 Bxg2 30. d7 Nxd7 31. Bxd7 Qb7 32. Nxc5 Qf3 33. Qxf3 Bxf3 34. Ne6 Rb8 35. Rxc7 Bf6 36. Rc8+ Rxc8 37. Bxc8 Be7 38. a4 Bc6 39. Nf5 Bf8 40. Nxf8 Kxf8 41. Ne3 Bxa4 42. Nc4 Ke7 43. Nxa5 Kf6 44. Kf2 Bc2 45. Nc4 Bd3 46. Nd2 Bg6 47. Ke3 Bh7 48. Nf1 Bg6 49. Ng3 h5 50. Ba6 Bf5 51. Bf1 h4 52. Nxf5 Kxf5 53. Be2 Kf6 54. Bg4 Kg6 55. Ke4 Kf6 56. Kd5 Kg7 57. Kxe5 Kg6 58. Ke6 Kg7 59. Bf5 Kh6 60. Kf6 Kh5 61. Bd3 Kh6 62. Kf5 Kg7 63. Bc4 Kf8 64. Kf6 Ke8 65. Bf7+ Kd8 66. Bd5 Ke8 67. Be6 Kd8 68. Bf7 Kd7 69. Bg6 Kd8 70. Bf7 Kd7 71. Bc4 Ke8 72. Be6 Kd8 73. Bf7 Kd7 74. Bg6 Kd8 75. Ke6 Kc7 76. Ke7 Kc8 77. Kd6 Kd8 78. Bf7 Kc8 79. Be8 Kd8 80. Bf7 Kc8 1-0

[Event "27th Heraklion Open 2019"]
[Site "Heraklion"]
[Date "2019.09.07"]
[Round "6.9"]
[White "Lithoxoos, Theodoros"]
[Black "Fasching, Markus"]
[Result "0-1"]
[ECO "C00"]
[WhiteElo "1685"]
[BlackElo "2029"]
[Annotator "NA"]
[PlyCount "80"]
[EventDate "2019.09.03"]
[EventType "swiss"]
[EventCountry "GRE"]
[SourceTitle "playchess.com"]
[Source "ChessBase"]
[SourceQuality "1"]
[TimeControl "40/5400+30:1800+30"]

1. Nf3 d5 2. g3 Nf6 3. Bg2 e6 4. d3 c5 5. Nbd2 Nc6 6. O-O Be7 7. e4 O-O 8. b3 Qc7 9. Bb2 Rd8 10. Re1 d4 11. e5 Nd5 12. Ne4 Nxe5 13. Nxe5 Qxe5 14. Nxc5 Qc7 15. Ne4 Nb4 16. a3 Nc6 17. Qe2 e5 18. g4 Be6 19. Ng3 Bd5 20. Nf5 Bxg2 21. Kxg2 Bf8 22. Bc1 Re8 23. Bg5 f6 24. Bd2 Rac8 25. Rec1 Qd7 26. f3 Nd8 27. Qe4 Ne6 28. a4 Rc6 29. Ra2 Qf7 30. Kf1 g6 31. Ng3 Nc7 32. Ke1 Nd5 33. Kd1 Bh6 34. c4 Bxd2 35. Kxd2 Nc3 36. Rxc3 dxc3+ 37. Kxc3 Rd8 38. Rd2 a5 39. Nf1 Qf8 40. Ne3 Rd4 {Kxd4} 0-1

[Event "27th Heraklion Open 2019"]
[Site "Heraklion"]
[Date "2019.09.07"]
[Round "6.10"]
[White "Vitsaxaki, Iris"]
[Black "Fragkiadakis, Emmanouel"]
[Result "0-1"]
[ECO "B32"]
[WhiteElo "1494"]
[BlackElo "1743"]
[Annotator "NA"]
[PlyCount "58"]
[EventDate "2019.09.03"]
[EventType "swiss"]
[EventCountry "GRE"]
[SourceTitle "playchess.com"]
[Source "ChessBase"]
[SourceQuality "1"]
[TimeControl "40/5400+30:1800+30"]

1. e4 c5 2. Nf3 Nc6 3. d4 cxd4 4. Nxd4 e5 5. Nb3 Nf6 6. N1d2 d5 7. Bd3 Bg4 8. f3 Be6 9. O-O Qb6+ 10. Kh1 O-O-O 11. Qe2 Nb4 12. exd5 Bxd5 13. Qxe5 Nxd3 14. cxd3 Bd6 15. Qc3+ Bc7 16. Nc4 Bxc4 17. dxc4 Qd6 18. g3 Qe6 19. Kg2 h5 20. Bg5 Qf5 21. Bxf6 gxf6 22. Nd4 Qg6 23. Nb5 Bb8 24. Rac1 h4 25. f4 hxg3 26. hxg3 Rd3 27. Qe1 Qg4 28. Rc3 Qh3+ 29. Kg1 Qh2# 0-1

[Event "27th Heraklion Open 2019"]
[Site "Heraklion"]
[Date "2019.09.07"]
[Round "6.11"]
[White "Kotsinis, Alexandros"]
[Black "Galanakis, Nikolaos"]
[Result "1-0"]
[ECO "A21"]
[WhiteElo "1951"]
[BlackElo "1595"]
[Annotator "NA"]
[PlyCount "43"]
[EventDate "2019.09.03"]
[EventType "swiss"]
[EventCountry "GRE"]
[SourceTitle "playchess.com"]
[Source "ChessBase"]
[SourceQuality "1"]
[TimeControl "40/5400+30:1800+30"]

1. c4 e5 2. Nc3 f5 3. e3 Nf6 4. d4 exd4 5. exd4 Be7 6. Bd3 d6 7. Qc2 Nc6 8. Nf3 Qd7 9. a3 Qe6+ 10. Ne2 Qd7 11. Bf4 O-O 12. d5 Nd8 13. Ned4 Nh5 14. Bd2 c5 15. Ne2 Kh8 16. Ng3 Qe8 17. O-O-O Qf7 18. Rde1 Bf6 19. Nxf5 Bxf5 20. Bxf5 Bxb2+ 21. Kxb2 Qxf5 22. Qxf5 1-0

[Event "27th Heraklion Open 2019"]
[Site "Heraklion"]
[Date "2019.09.07"]
[Round "6.12"]
[White "Burnett, Leon P"]
[Black "Tsapaki, Asimenia"]
[Result "1/2-1/2"]
[ECO "B29"]
[WhiteElo "1849"]
[BlackElo "1460"]
[Annotator "NA"]
[PlyCount "56"]
[EventDate "2019.09.03"]
[EventType "swiss"]
[EventCountry "GRE"]
[SourceTitle "playchess.com"]
[Source "ChessBase"]
[SourceQuality "1"]
[TimeControl "40/5400+30:1800+30"]

1. e4 c5 2. Nf3 Nf6 3. Nc3 d5 4. exd5 Nxd5 5. Bb5+ Bd7 6. Ne5 Nf6 7. Qf3 Qc8 8. a4 a6 9. Bxd7+ Nbxd7 10. Nc4 e6 11. O-O Be7 12. d3 O-O 13. Bf4 Re8 14. Ne4 Nxe4 15. dxe4 Bf8 16. e5 Qc7 17. Rfe1 Nb6 18. Nd2 Nd5 19. Re4 Rad8 20. Bg5 Be7 21. Bxe7 Nxe7 22. Qe2 Qd7 23. Nf3 Nf5 24. c3 Qc6 25. Qc2 Rd7 26. Re2 Red8 27. h3 h6 28. Rae1 Rd3 1/2-1/2

[Event "27th Heraklion Open 2019"]
[Site "Heraklion"]
[Date "2019.09.07"]
[Round "6.13"]
[White "Matthaiaki, Nefeli"]
[Black "Bras, Emmanouel"]
[Result "0-1"]
[ECO "B18"]
[WhiteElo "1306"]
[BlackElo "1838"]
[Annotator "NA"]
[PlyCount "104"]
[EventDate "2019.09.03"]
[EventType "swiss"]
[EventCountry "GRE"]
[SourceTitle "playchess.com"]
[Source "ChessBase"]
[SourceQuality "1"]
[TimeControl "40/5400+30:1800+30"]

1. e4 c6 2. d4 d5 3. Nc3 dxe4 4. Nxe4 Bf5 5. Ng3 Bg6 6. f4 e6 7. Nf3 Nd7 8. Bd3 Ngf6 9. O-O Bd6 10. Re1 O-O 11. Ne5 Qc7 12. c3 c5 13. Bxg6 hxg6 14. Kh1 cxd4 15. Nxd7 Qxd7 16. Qxd4 Qc7 17. Ne2 Bc5 18. Qd3 Ng4 19. Qf3 Nf2+ 20. Kg1 Nd3+ 21. Kf1 Nxe1 22. Kxe1 Rad8 23. Be3 Rd3 24. Nd4 Bxd4 25. cxd4 Qa5+ 26. Kf2 Rb3 27. Qe2 Rb5 28. Bd2 Qb6 29. Bc3 g5 30. fxg5 Rxg5 31. g3 Rd5 32. Kg2 Qc6 33. Qf3 Rc8 34. Rf1 Rd7 35. a3 Qxf3+ 36. Rxf3 Rd5 37. h4 Rc6 38. Kh3 Rf5 39. Re3 Rb6 40. g4 Rf2 41. Kg3 Rc2 42. Rd3 Rb5 43. Kf4 Rh2 44. Kg3 Rh1 45. g5 Rf5 46. Kg4 Kh7 47. Kg3 Kg6 48. Kg4 Rg1+ 49. Kh3 Kh5 50. Rg3 Rh1+ 51. Kg2 Rxh4 52. Bd2 Rxd4 0-1

[Event "27th Heraklion Open 2019"]
[Site "Heraklion"]
[Date "2019.09.07"]
[Round "6.14"]
[White "Westman, Lennart"]
[Black "Vlatas, Dimitrios"]
[Result "0-1"]
[ECO "A48"]
[WhiteElo "1700"]
[BlackElo "1393"]
[Annotator "NA"]
[PlyCount "76"]
[EventDate "2019.09.03"]
[EventType "swiss"]
[EventCountry "GRE"]
[SourceTitle "playchess.com"]
[Source "ChessBase"]
[SourceQuality "1"]
[TimeControl "40/5400+30:1800+30"]

1. d4 Nf6 2. Nf3 g6 3. e3 Bg7 4. Bd3 d6 5. b3 O-O 6. Bb2 Nbd7 7. Nbd2 c5 8. O-O a6 9. c4 Nh5 10. Re1 f5 11. Qc2 e5 12. dxe5 dxe5 13. e4 f4 14. Nb1 g5 15. h3 Re8 16. Nc3 Nb8 17. Rad1 g4 18. Bf1 Qf6 19. Nd5 Qf7 20. hxg4 Bxg4 21. Rd3 Nc6 22. Nh2 Be6 23. a3 Nd4 24. Bxd4 cxd4 25. Be2 Bxd5 26. cxd5 Rac8 27. Qd2 Nf6 28. Ng4 Nxe4 29. Qb2 Rc3 30. Rxc3 Nxc3 31. Bf1 Kh8 32. f3 Qxd5 33. Bc4 Qc5 34. Bd3 Rc8 35. Kf2 Rc7 36. Rh1 e4 37. fxe4 Nxe4+ 38. Bxe4 d3+ 0-1

[Event "27th Heraklion Open 2019"]
[Site "Heraklion"]
[Date "2019.09.07"]
[Round "6.15"]
[White "Roditakis, Emmanouil"]
[Black "Natoli, Domenico"]
[Result "0-1"]
[ECO "B92"]
[WhiteElo "1193"]
[BlackElo "1694"]
[Annotator "NA"]
[PlyCount "54"]
[EventDate "2019.09.03"]
[EventType "swiss"]
[EventCountry "GRE"]
[SourceTitle "playchess.com"]
[Source "ChessBase"]
[SourceQuality "1"]
[TimeControl "40/5400+30:1800+30"]

1. e4 c5 2. Nf3 d6 3. d4 cxd4 4. Nxd4 Nf6 5. Nc3 a6 6. Be3 e5 7. Nb3 Be6 8. f3 Be7 9. Be2 Nbd7 10. Nd2 Nb6 11. Bf2 d5 12. exd5 Nbxd5 13. Nxd5 Nxd5 14. c3 Nf4 15. O-O O-O 16. Bg3 Bc5+ 17. Kh1 Be3 18. Nb3 Qc7 19. Bxf4 exf4 20. Nd4 Rfe8 21. Nxe6 Rxe6 22. Qc2 Qe7 23. Bd3 Rh6 24. h3 Rd8 25. Be4 Rd2 26. Qb3 Rxg2 27. Kxg2 Qg5+ 0-1

[Event "27th Heraklion Open 2019"]
[Site "Heraklion"]
[Date "2019.09.07"]
[Round "6.16"]
[White "Koutsaftis, Efstratios Panagioti"]
[Black "Georgakakis, Michail"]
[Result "1/2-1/2"]
[ECO "E91"]
[WhiteElo "1611"]
[BlackElo "1303"]
[Annotator "NA"]
[PlyCount "93"]
[EventDate "2019.09.03"]
[EventType "swiss"]
[EventCountry "GRE"]
[SourceTitle "playchess.com"]
[Source "ChessBase"]
[SourceQuality "1"]
[TimeControl "40/5400+30:1800+30"]

1. c4 d6 2. Nf3 Nf6 3. d4 g6 4. Nc3 Bg7 5. e4 O-O 6. Be2 c5 7. O-O a6 8. d5 e5 9. a4 b6 10. h3 Ne8 11. Rb1 f5 12. Ng5 f4 13. Ne6 Bxe6 14. dxe6 Nc6 15. Nd5 Bf6 16. a5 bxa5 17. Qa4 Nd4 18. Bd1 Nc7 19. Bd2 Ncxe6 20. Bxa5 Qe8 21. Qxe8 Raxe8 22. Ba4 Rb8 23. Nxf6+ Rxf6 24. f3 Nb3 25. Be1 Ned4 26. Rd1 Rf7 27. Rd3 Rfb7 28. Bc3 g5 29. Kf2 h5 30. g3 h4 31. gxh4 gxh4 32. Rg1+ Rg7 33. Rg4 Rxg4 34. hxg4 Kg7 35. Kg2 Nc1 36. Rd1 Nce2 37. Rd3 Kg6 38. Bd1 Nc1 39. Rd2 Ncb3 40. Rd3 Nc1 41. Rd2 Ncb3 42. Rf2 Kg5 43. Kh3 Rb7 44. Rh2 Rh7 45. Rh1 Rb7 46. Kg2 Nc1 47. Kh3 1/2-1/2